 Dungeon Crawl Stone Soup version 0.28-a0-909-g796cbd3a86 (webtiles) character file.

Game seed: 18122276872302327135

7325 Majang the Basher (level 10, -6/83 HPs)
             Began as a Mummy Fighter on Nov 24, 2021.
             Was a Follower of Ashenzari.
             Mangled by a wyvern (7 damage)
             ... on level 9 of the Dungeon.
             The game lasted 00:41:35 (11416 turns).

Majang the Basher (Mummy Fighter)                  Turns: 11416, Time: 00:41:36

Health: -6/83      AC: 19    Str: 22    XL:     10   Next: 90%
Magic:  10/10      EV:  8    Int: 20    God:    Ashenzari [*.....]
Gold:   520        SH:  0    Dex: 12    Spells: 9/9 levels left

rFire   x . .      SeeInvis .   p - +3 mace (spect)
rCold   + . .      Faith    .   c - +0 buckler
rNeg    + + +      Spirit   .   D - +0 plate armour
rPois   ∞          Reflect  +   q - +1 helmet "Pangnostic Lifelessness" {Self, Elem} (curse)
rElec   .          Harm     .   v - +0 cloak
rCorr   .          Rampage  .   t - +2 pair of gloves of Ashenzari's Insecurity {Cun, Fort} (curse)
Will    +....                   (no boots)
Stlth   ..........              j - amulet of reflection
HPRegen 0.23/turn               b - +6 ring of intelligence
MPRegen 0.12/turn               e - +6 ring of intelligence

@: confused
A: cold resistance 1, negative energy resistance 3, torment resistance 2, heat
vulnerability 1, no potions
a: Renounce Religion, Shatter the Chains


You were on level 9 of the Dungeon.
You worshipped Ashenzari.
Ashenzari was aware of your devotion.
You visited 2 branches of the dungeon, and saw 10 of its levels.
You also visited: Sewer.

You collected 520 gold pieces.

Inventory:

Hand Weapons
 a - a +0 flail
 f - a +2 hand axe of flaming
 p - a +3 spectral mace (weapon)
Missiles
 d - 23 poisoned darts (quivered)
 h - 2 throwing nets
 z - 4 boomerangs
 B - a curare-tipped dart
Armour
 c - a +0 buckler (worn)
 q - the cursed +1 helmet "Pangnostic Lifelessness" (worn) {Self, Elem}
   (You took it off Robin on level 3 of the Dungeon)

   It has a curse which improves the following skills: Introspection: Fighting
   and Spellcasting.
   Elements:  Fire Magic, Ice Magic, Air Magic and Earth Magic.
 t - the cursed +2 pair of gloves of Ashenzari's Insecurity (worn) {Cun, Fort}
   (You found it on level 3 of the Dungeon)

   It has a curse which improves the following skills: Cunning: Dodging and
   Stealth.
   Fortitude: Armour and Shields.
 v - a +0 cloak (worn)
 D - a +0 plate armour (worn)
Magical Staves
 o - a staff of conjuration
Jewellery
 b - a +6 ring of intelligence (left hand)
 e - a +6 ring of intelligence (right hand)
 j - an amulet of reflection (around neck)
 C - a +6 ring of strength
Wands
 k - a wand of digging (1)
 s - a wand of flame (37)
 x - a wand of polymorph (2)
Scrolls
 g - a scroll of enchant armour
 i - 4 scrolls of blinking
 l - a scroll of teleportation
 m - 5 scrolls of identify
 n - a scroll of summoning
 r - a scroll of silence
 u - a scroll of amnesia
 w - a scroll of enchant weapon
 y - 2 scrolls of fear
 A - 2 scrolls of magic mapping


   Skills:
 + Level 8.1(9.1) Fighting
 * Level 9.2 Maces & Flails
 + Level 3.7 Throwing
 + Level 4.6(5.6) Armour
 + Level 3.7(4.6) Dodging
 + Level 4.7(5.7) Shields
 + Level 3.7 Evocations


You had 9 spell levels left.
You didn't know any spells.
Your spell library contained the following spells:

 Spells                   Type           Power      Damage    Failure   Level
 Animate Skeleton         Necr           0%         N/A       98%         1
 Pain                     Necr           0%         1d4       98%         1
 Sandblast                Erth           0%         2d4       98%         1
 Passwall                 Tmut/Erth      0%         N/A       99%         2
 Stone Arrow              Conj/Erth      0%         3d7       100%        3
 Vampiric Draining        Necr           0%         2d6       100%        3
 Petrify                  Tmut/Erth      0%         N/A       100%        4
 Alistair's Intoxication  Tmut/Pois      0%         N/A       100%        5
 Borgnjor's Vile Clutch   Necr/Erth      0%         N/A       100%        5
 Irradiate                Conj/Tmut      0%         3d14      100%        5
 Eringya's Noxious Bog    Tmut/Pois      0%         N/A       100%        6
 Sublimation of Blood     Necr           Unusable   N/A       N/A         2

Dungeon Overview and Level Annotations

Branches:
Dungeon (9/15)             Temple (1/1) D:7           Sewer (visited)
   Lair: D:8-11         Orc: D:9-12

Altars:
Ashenzari
Cheibriados
Dithmenos
Elyvilon
Fedhas
Gozag
Hepliaklqana
Kikubaaqudgha
Makhleb
Nemelex Xobeh
Okawaru
Qazlal
Sif Muna
Trog
Vehumet
Wu Jian
Yredelemnul
Zin
The Shining One

Shops:
D:7 :

Annotations:
D:6 3 runed translucent doors, confidenceinterval's ghost, novice GrCj
D:9 3 runed translucent doors, makewrite's ghost, journeyman MiGl


Innate Abilities, Weirdness & Mutations

You are immune to poison.
Your flesh is cold resistant. (rC+)
You are immune to negative energy. (rN+++)
You are immune to unholy pain and torment.
You are vulnerable to heat. (rF-)
You do not drink.


Message History

Beogh smites you!
You hit the orc warrior but do no damage.
The orc warrior is lightly wounded.
The orc warrior hits you with a +1 vorpal battleaxe!
* * * LOW HITPOINT WARNING * * *
x2 You block the orc priest's attack.
The orc warrior hits you with a +1 vorpal battleaxe.
* * * LOW HITPOINT WARNING * * *
x2 A kobold comes into view. It is wielding a +0 club.
The kobold shouts!
The orc priest miscasts a cantrip.
A wyvern comes into view.
The wyvern hisses angrily.
The wyvern closely misses you.
Blink to where?
Press: ? - help, Dir - move target 2 kobolds, a kobold brigand and an orc wizard come into view.
The kobold brigand is wielding a +0 club and quivering poisoned darts.
A kobold is wielding a +0 dagger of holy wrath.
A kobold is wielding a +0 whip and quivering poisoned darts.
As you read the scroll of blinking, it crumbles to dust.
The orc wizard shouts!
The kobold brigand shouts!
The kobold shouts! x3
You hear a shout!
The orc wizard gestures at you while chanting.
You are confused.
The kobold throws a poisoned dart.
The poisoned dart hits you! The kobold barely misses you.
The kobold hits you but does no damage.
You thump the kobold!
You kill the kobold!
The kobold misses you.
The orc wizard hits you but does no damage.
Things that are here:
a +0 dagger of holy wrath; 2 stones An orc comes into view.
It is wielding a +0 club.
The orc wizard hits you but does no damage.
The kobold barely misses you. The wyvern bites you!
* * * LOW HITPOINT WARNING * * *
You hit the orc wizard but do no damage.
Your +3 spectral mace hits the orc wizard.
The wyvern bites you!
You die...

### ..# #.# #.#
#.#
######(##########
#....Ko@l.o.....#
##.#...KKo..oo.#.#
......oK######.#.#
###.#.### #.#.. ..
#. #o#### # #. #.#
#o# # .... #)# #
).... #o# ##.
......####Z######
#.#


You could see an orc warrior, a wyvern, a kobold brigand, an orc priest, an orc
wizard, 3 orcs, 3 kobolds and a friendly +3 spectral mace (summoned).

Vanquished Creatures
  A hydra (D:6)
  A tengu warrior (D:7)
  2 two-headed ogres
  Joseph (D:7)
  A troll (D:9)
  A slime creature (D:8)
  Prince Ribbit (D:6)
  A wraith (D:8)
  An acid dragon (D:8)
  5 water moccasins
  Duvessa (D:6)
  A black bear (D:8)
  2 orc warriors
  A sky beast (D:5)
  A necrophage (D:6)
  3 ogres
  3 centaurs
  4 kobold brigands
  A scorpion (D:5)
  A wyvern zombie (D:6)
  2 bullfrogs
  2 gnoll sergeants
  Dowan (D:6)
  3 wights (D:8)
  2 bullfrog zombies
  A centaur zombie (D:7)
  A centaur skeleton (D:7)
  8 orc priests
  5 hounds
  4 jellies
  A bullfrog skeleton (D:7)
  2 iguanas
  11 orc wizards
  2 killer bee zombies
  A hound zombie (D:5)
  A hound skeleton (D:5)
  A howler monkey zombie (D:8)
  Robin (D:3)
  A howler monkey skeleton (D:7)
  15 adders
  6 gnolls
  3 shadow imps
  2 ufetubi (D:4)
  5 worms
  2 dart slugs
  38 orcs
  13 endoplasms
  A giant cockroach (D:1)
  13 goblins
  8 hobgoblins
  11 jackals
  21 kobolds
  3 quokkas
  8 ball pythons
  7 bats
  4 frilled lizards
  13 rats
256 creatures vanquished.

Notes
Turn   | Place    | Note
-------+----------+-------------------------------------------
     0 | D:1      | Majang the Mummy Fighter began the quest for the Orb.
     0 | D:1      | Reached XP level 1. HP: 18/18 MP: 1/1
   310 | D:1      | Reached skill level 2 in Maces & Flails
   339 | D:1      | Reached XP level 2. HP: 24/24 MP: 2/2
   946 | D:2      | Found a faded altar of an unknown god.
  1162 | D:2      | Reached XP level 3. HP: 24/29 MP: 3/3
  1709 | D:1      | Reached skill level 3 in Maces & Flails
  1838 | D:2      | Reached XP level 4. HP: 3/37 MP: 4/4
  2478 | D:3      | Noticed Robin
  2773 | D:3      | Killed Robin
  2931 | D:3      | Reached XP level 5. HP: 42/42 MP: 5/5
  3185 | D:3      | Found an opulent altar of Gozag.
  3335 | D:3      | Reached skill level 4 in Maces & Flails
  3524 | D:4      | Noticed an ogre
  3650 | D:4      | Found a bloodstained altar of Trog.
  3753 | D:4      | Identified the +0 pair of gloves of the Bulwark {rF+ rC+
                  | Will- Int+2}
  3900 | D:4      | Reached XP level 6. HP: 35/49 MP: 6/6
  4116 | D:5      | Entered Level 5 of the Dungeon
  4575 | D:4      | Reached skill level 5 in Fighting
  4575 | D:4      | Reached skill level 5 in Maces & Flails
  4750 | D:5      | Reached XP level 7. HP: 56/56 MP: 7/7
  5157 | D:5      | Reached skill level 6 in Maces & Flails
  5271 | D:5      | Found a shimmering blue altar of Sif Muna.
  5362 | D:5      | Noticed Edmund
  5386 | D:5      | HP: 2/57 [Edmund (7)]
  5390 | D:5      | Noticed Edmund
  5390 | D:5      | Edmund changed into Edmund the scorpion
  5395 | D:5      | Killed Edmund the scorpion
  5709 | D:5      | Found a burning altar of Makhleb.
  5908 | D:6      | Found a glowing drain.
  5934 | D:5      | Reached XP level 8. HP: 46/64 MP: 8/8
  6104 | D:5      | Reached skill level 7 in Maces & Flails
  6258 | Sewer    | Entered a sewer
  6585 | D:6      | Noticed Pikel
  6699 | D:5      | Noticed Pikel
  6699 | D:5      | Pikel changed into Pikel the water moccasin
  6714 | D:5      | Killed Pikel the water moccasin
  6715 | D:5      | Reached skill level 1 in Throwing
  6715 | D:5      | Reached skill level 1 in Dodging
  6785 | D:5      | Reached skill level 1 in Evocations
  7150 | D:6      | Noticed a two-headed ogre
  7173 | D:6      | Killed a two-headed ogre
  7174 | D:6      | Reached XP level 9. HP: 71/71 MP: 9/9
  7225 | D:6      | Found a runed translucent gate.
  7226 | D:6      | Found a runed translucent gate.
  7226 | D:6      | Noticed a cyclops
  7227 | D:6      | Found a runed translucent gate.
  7276 | D:6      | Noticed confidenceinterval's ghost (novice GrCj)
  7391 | D:6      | Noticed Dowan
  7391 | D:6      | Noticed Duvessa
  7401 | D:6      | Killed Duvessa
  7417 | D:6      | Killed Dowan
  7584 | D:6      | Noticed a five-headed hydra
  7598 | D:6      | Killed a five-headed hydra
  7599 | D:6      | Reached skill level 8 in Maces & Flails
  7950 | D:7      | Found a staircase to the Ecumenical Temple.
  7970 | Temple   | Entered the Ecumenical Temple
  7990 | Temple   | Became a worshipper of Ashenzari the Shackled
  8555 | D:7      | Noticed Joseph
  8573 | D:7      | Killed Joseph
  8574 | D:7      | Reached XP level 10. HP: 60/79 MP: 10/10
  8579 | D:7      | Noticed Prince Ribbit
  8700 | D:6      | Killed Prince Ribbit
  9117 | D:7      | Found an iron altar of Okawaru.
  9403 | D:7      | Found Plog's Book Shop.
  9529 | D:8      | Noticed a tengu warrior
  9689 | D:7      | Killed a tengu warrior
 10227 | D:8      | Reached skill level 9 in Maces & Flails
 10409 | D:8      | Noticed a two-headed ogre
 10426 | D:8      | Killed a two-headed ogre
 10808 | D:9      | Found a runed translucent gate.
 10809 | D:9      | Found a runed translucent gate.
 10810 | D:9      | Found a runed translucent gate.
 10810 | D:9      | Noticed makewrite's ghost (journeyman MiGl)
 10856 | D:9      | Found a blossoming altar of Fedhas.
 11200 | D:9      | Reached * piety under Ashenzari
 11415 | D:9      | HP: 1/83 [wyvern (10)]
 11416 | D:9      | Mangled by a wyvern

Illustrated notes

Levels and vault maps discovered:
D:1:      mushboom_english_gardens, layout_basic
D:2:      layout_loops_ring, dreamdust_ecumenical_altar_angels_and_demons
D:3:      layout_basic, grunt_gozag_breadcrumbs,
          minmay_randomly_rotated_circles, uniq_robin
D:4:      layout_rooms, lemuel_doored_altar, chequers_serial_rivers_room_b
D:5:      layout_rooms, mainiacjoe_overflow_cross_hatched,
          nicolae_sif_muna_condensation, grunt_decor_resistance, uniq_edmund
D:6:      layout_basic, serial_glass, glass_columns_c, glass_columns_c,
          cheibrodos_sewer_entry_sluice, gammafunk_ghost_split, minmay_between,
          uniq_pikel, uniq_duvessa
D:7:      layout_basic, minitemple, minmay_temple_entry_statues_fountains,
          serial_shops, kennysheep_mini, roderic_roman_lattice, st_stairs_9,
          kennysheep_diamond, grunt_ministairs_12, uniq_joseph,
          uniq_prince_ribbit1
D:8:      kennysheep_big_flooded_room, layout_basic
D:9:      layout_loops_ring, mainiacjoe_overflow_alcove_4, fedhas_altar_4,
          david_orc_3, ebering_ghost_rock_garden
Temple:   minmay_temple_bridge_abc

Skill      XL: |  1  2  3  4  5  6  7  8  9 10 |
---------------+-------------------------------+-----
Maces & Flails | 2 3 4 5 6 7 8 9 |  9.2
Fighting       | 4 5 6 7 8 |  8.1
Throwing       | 1 2 3 |  3.7
Dodging        | 1 2 3 |  3.7
Evocations     | 1 2 3 |  3.7
Armour         | 3 4 |  4.6
Shields        | 3 4 |  4.7

Action                   |  1- 3 |  4- 6 |  7- 9 | 10-12 || total
-------------------------+-------+-------+-------+-------++-------
Melee: Flail             |   139 |    76 |       |       ||   215
       Mace              |       |   198 |   350 |   205 ||   753
Throw: Dart              |       |    24 |    68 |    43 ||   135
       Throwing net      |       |       |     1 |       ||     1
Invok: Curse Item        |       |       |       |     2 ||     2
Evoke: Wand              |       |       |    16 |       ||    16
  Use: Scroll            |       |     2 |    14 |     2 ||    18
 Stab: Held in net/web   |       |       |     3 |       ||     3
Armor: Scale mail        |    17 |       |       |       ||    17
       Chain mail        |    72 |   153 |   180 |       ||   405
       Plate armour      |       |       |    42 |    91 ||   133
Dodge: Dodged            |    47 |    98 |   114 |    46 ||   305
Block: Buckler           |    33 |    65 |   170 |   121 ||   389
       Reflection        |       |       |     3 |     3 ||     6

Table legend: (Time is in decaauts)
 A = Elapsed time spent in this place.
 B = Non-inter-level travel time spent in this place.
 C = Inter-level travel time spent in this place.
 D = Time resting spent in this place.
 E = Time spent auto-exploring this place.
 F = Levels seen in this place.
 G = Mean time per level.
                   A        B        C        D        E       F      G
               +--------+--------+--------+--------+--------+-----+--------+
         Total |  11636 |  11281 |    355 |   4106 |   4130 |  11 | 1057.8 |
       Dungeon |  11045 |  10713 |    332 |   4106 |   3813 |   9 | 1227.2 |
        Temple |    217 |    194 |     23 |      0 |    172 |   1 |  217.0 |
         Sewer |    373 |    373 |      0 |      0 |    145 |   1 |  373.0 |
               +--------+--------+--------+--------+--------+-----+--------+

Top non-repeatable levels by time:
     D:5: 1755 daAuts
     D:7: 1589 daAuts
     D:1: 1446 daAuts
     D:4: 1331 daAuts
     D:2: 1192 daAuts
     D:6: 1159 daAuts
     D:3: 1044 daAuts
     D:8: 925 daAuts
     D:9: 599 daAuts
   Sewer: 373 daAuts
  Temple: 217 daAuts
